 Dungeon Crawl Stone Soup version 0.26-a0-665-gefeb406119 (webtiles) character file.

Game seed: 8708968126039608358

294 mandarbmax the Changer (level 6, -1/47 HPs)
             Began as a Draconian Transmuter on Oct 15, 2020.
             Was a Plaything of Xom.
             Slain by a rat (2 damage)
             ... in a sewer.
             The game lasted 00:06:39 (3063 turns).

mandarbmax the Changer (Draconian Transmuter)       Turns: 3063, Time: 00:06:41

Health: -1/47      AC:  6    Str: 12    XL:     6   Next: 11%
Magic:  1/9        EV: 12    Int: 15    God:    Xom [..*...]
Gold:   184        SH:  0    Dex: 12    Spells: 3/9 levels left

rFire    + . .     SeeInvis .     - Unarmed
rCold    . . .     Faith    .   (no shield)
rNeg     . . .     Spirit   .   (armour unavailable)
rPois    .         Reflect  .   (helmet restricted)
rElec    .         Harm     .   (no cloak)
rCorr    .         Rampage  .   (no gloves)
MR       .....                  (no boots)
Stlth    +.........             (no amulet)
HPRegen  0.15/turn              h - ring of protection from fire
MPRegen  0.11/turn              (no ring)

@: wereblooded, very slightly contaminated
A: unfitting armour, cold-blooded, AC +6
a: Renounce Religion


You were in a sewer.
You worshipped Xom.
You were a toy of Xom.
You visited 1 branch of the dungeon, and saw 3 of its levels.
You also visited: Sewer.

You collected 184 gold pieces.

Inventory:

Jewellery
 h - a ring of protection from fire (left hand)
Wands
 e - a wand of flame (12)
Scrolls
 c - 2 scrolls of enchant armour
 d - a scroll of immolation
 f - a scroll of identify
 g - 2 scrolls of remove curse
 i - a scroll of noise {unknown}
 j - a scroll of magic mapping
Potions
 a - a potion of heal wounds
 b - a potion of curing {unknown}
 k - a potion of berserk rage


   Skills:
 - Level 1.1 Fighting
 - Level 2.0 Dodging
 + Level 4.7 Unarmed Combat
 - Level 2.0 Spellcasting
 - Level 5.2 Transmutations


You had 3 spell levels left.
You knew the following spells:

 Your Spells              Type           Power        Failure   Level
a - Beastly Appendage     Tmut           ###...       2%          1
b - Wereblood             Tmut           ###.....     3%          2
c - Spider Form           Tmut/Pois      #.........   22%         3

Your spell library contained the following spells:

 Spells                   Type           Power        Failure   Level
 Blade Hands              Tmut           ###.......   56%         5
 Ice Form                 Ice/Tmut       #.......     58%         4


Dungeon Overview and Level Annotations

Branches:
Dungeon (3/15)              Sewer (1/1)

Altars:
Elyvilon
Wu Jian
Xom
Zin


Innate Abilities, Weirdness & Mutations

Your plain brown scales are hard. (AC +6)
You cannot fit into any form of body armour.
You are cold-blooded and may be slowed by cold attacks.


Message History

You are too injured to fight recklessly!
You hit the river rat but do no damage.
The river rat is severely wounded.
The river rat bites you but does no damage.
The river rat closely misses you. The rat closely misses you.
You closely miss the river rat. You tail-slap the river rat.
The river rat is almost dead.
The river rat bites you but does no damage.
The river rat bites you.
* * * LOW HITPOINT WARNING * * *
The rat bites you but does no damage.
Unknown command.
You hit the river rat but do no damage.
The river rat is almost dead.
The river rat bites you but does no damage.
The river rat bites you!
* * * LOW HITPOINT WARNING * * *
Xom thinks this is hilarious!
The rat bites you.
You die...

#≈≈≈≈≈≈#
#≈≈≈≈≈≈#
#≈≈≈≈≈≈#
#≈≈≈≈≈≈#
#≈≈≈≈≈≈#
#≈≈≈≈≈≈#
#≈.≈≈≈≈#
#≈≈≈≈≈≈#
#≈≈≈r@≈#
#≈≈≈rr≈#
#≈≈≈≈≈≈#
#≈≈≈≈≈≈#
#≈≈≈≈≈≈#
#≈≈≈≈≈≈#
##≈..≈##
......


You could see 2 river rats and a rat.

Vanquished Creatures
  A phantom (D:2)
  Robin (D:2)
  6 gnolls
  6 adders
  A worm (D:2)
  2 dart slugs
  2 leopard geckos
  An orc (D:3)
  9 bats
  7 giant cockroaches
  11 goblins
  9 hobgoblins
  4 jackals (D:1)
  2 quokkas (D:2)
  2 ball pythons
  3 frilled lizards
  3 kobolds
  6 rats
76 creatures vanquished.

Notes
Turn   | Place    | Note
-------+----------+-------------------------------------------
     0 | D:1      | mandarbmax the Draconian Transmuter began the quest for the
                  | Orb.
     0 | D:1      | Reached XP level 1. HP: 16/16 MP: 3/3
   175 | D:1      | Reached XP level 2. HP: 19/23 MP: 3/5
   229 | D:1      | Learned a level 2 spell: Wereblood
   867 | D:2      | Reached XP level 3. HP: 27/28 MP: 4/6
   873 | D:2      | Learned a level 3 spell: Spider Form
  1110 | D:2      | Reached skill level 3 in Transmutations
  1404 | D:2      | Noticed a phantom
  1748 | D:2      | Reached XP level 4. HP: 26/35 MP: 0/7
  1952 | D:2      | Found an ornate altar of the Wu Jian Council.
  1967 | D:2      | Reached skill level 4 in Transmutations
  1976 | D:2      | Killed a phantom
  1976 | D:2      | Reached skill level 5 in Transmutations
  1976 | D:2      | Reached XP level 5. HP: 29/40 MP: 0/8
  1979 | D:2      | Found a white marble altar of Elyvilon.
  2265 | D:2      | Found a shimmering altar of Xom.
  2269 | D:2      | Found a glowing silver altar of Zin.
  2278 | D:2      | Became a worshipper of Xom of Chaos
  2541 | D:2      | Noticed Robin
  2563 | D:2      | Killed Robin
  2597 | D:2      | XOM: divination: detect items
  2723 | D:2      | XOM: silly message
  2910 | D:3      | Reached XP level 6. HP: 40/47 MP: 1/9
  3032 | D:3      | Found a glowing drain.
  3036 | Sewer    | Entered a sewer
  3063 | Sewer    | HP: 1/47 [river rat (8)]
  3063 | Sewer    | Slain by a rat

Illustrated notes

Levels and vault maps discovered:
D:1:      roderic_dead_forest, layout_basic, serial_forest,
          infiniplex_forest_straight_5, infiniplex_forest_clump_small,
          infiniplex_forest_lined_room_2, infiniplex_forest_lined_room_2,
          infiniplex_forest_clump_double, infiniplex_forest_clump_double
D:2:      layout_basic, nicolae_overflow_hidden_temple,
          grunt_temple_overflow_open, minmay_unequal, uniq_robin
D:3:      layout_basic, gup_sewer_entry_spiral, uniq_crazy_yiuf_cottage
Sewer:    sewer_minmay_w

Skill      XL: |  1  2  3  4 |
---------------+-------------+-----
Dodging        | 2 |  2.0
Unarmed Combat | 4 |  4.7
Transmutations | 3 5 |  5.2
Fighting       | |  1.1
Spellcasting   | |  2.0

Action                   |  1- 3 |  4- 6 || total
-------------------------+-------+-------++-------
Melee: Unarmed           |   101 |   130 ||   231
       Headbutt          |    14 |     6 ||    20
       Tailslap          |    12 |     7 ||    19
       Kick              |    12 |     6 ||    18
 Cast: Beastly Appendage |    20 |     9 ||    29
       Spider Form       |     3 |     9 ||    12
       Wereblood         |       |     5 ||     5
  Use: Potion            |     2 |       ||     2
       Scroll            |       |     9 ||     9
 Stab: Sleeping          |     2 |       ||     2
Armor: Skin              |    34 |    26 ||    60
Dodge: Dodged            |    68 |    97 ||   165

Table legend: (Time is in decaauts)
 A = Elapsed time spent in this place.
 B = Non-inter-level travel time spent in this place.
 C = Inter-level travel time spent in this place.
 D = Time resting spent in this place.
 E = Time spent auto-exploring this place.
 F = Levels seen in this place.
 G = Mean time per level.
                   A        B        C        D        E       F      G
               +--------+--------+--------+--------+--------+-----+--------+
         Total |   3071 |   2949 |    122 |    703 |   1582 |   4 |  767.8 |
       Dungeon |   3039 |   2917 |    122 |    703 |   1567 |   3 | 1013.0 |
         Sewer |     31 |     31 |      0 |      0 |     15 |   1 |   31.0 |
               +--------+--------+--------+--------+--------+-----+--------+

Top non-repeatable levels by time:
     D:2: 1686 daAuts
     D:1: 1132 daAuts
     D:3: 220 daAuts
   Sewer: 31 daAuts
